Avalanche vs Kings (R1)

Created - October 12, 2018 at 19:35

Goals
1 2 3 T
Avalanche 0 3 1 4
Kings 2 3 0 5
Shots
1 2 3 T
Avalanche 8 9 14 31
Kings 6 15 12 33

1st period

1. Kings , Patric Hornqvist 1 (Johnny Gaudreau 1, Jon Merrill 1) at 2:26
2. Kings , Anze Kopitar 1 (Johnny Gaudreau 2, Patric Hornqvist 1) at 13:04 (PP)

Penalties :
Johnny Gaudreau (LAK) for Interference (Minor) at 0:19, Paul Stastny (Col) for High sticking (Minor) at 4:20, Johnny Boychuk (Col) for Hooking (Minor) at 12:46

2nd period

3. Kings , Anze Kopitar 2 (Johnny Gaudreau 3, Drew Doughty 1) at 0:30
4. Avalanche , Bryan Little 1 (Corey Perry 1, Mikkel Boedker 1) at 4:34 (PP)
5. Kings , Pierre-Marc Bouchard 1 (Guillaume Latendresse 1, Nino Niederreiter 1) at 9:21
6. Kings , Johnny Gaudreau 1 (Anze Kopitar 1, Patric Hornqvist 2) at 11:38 (PP)
7. Avalanche , Corey Perry 1 (Jay Bouwmeester 1, Mikkel Boedker 2) at 12:14 (PP)
8. Avalanche , Brandon Yip 1 (Greg Campbell 1, Andrew Ladd 1) at 17:05

Penalties :
Johnny Boychuk (Col) for Close Hand On Puck (Minor) at 1:45, Nino Niederreiter (LAK) for High sticking (Minor) at 4:23, Bryan Little (Col) for Tripping (Minor) at 11:19, Trevor Daley (LAK) for Interference (Minor) at 11:58, Bryan Little (Col) for High sticking (Minor) at 13:59, Chuck Kobasew (Col) for Hooking (Minor) at 18:33

3rd period

9. Avalanche , Jay Bouwmeester 1 (Alexander Radulov 1) at 16:32 (PP)

Penalties :
Nino Niederreiter (LAK) for Diving (Minor) at 10:40, Dan Boyle (Col) for Boarding (Minor) at 13:42, Guillaume Latendresse (LAK) for Holding (Minor) at 14:44, Chuck Kobasew (Col) for Holding (Minor) at 17:56

Goalie Stats

Semyon Varlamov (Col), 12 saves from 16 shots - (0.750), 29:21 minutes
Roberto Luongo (Col), 16 saves from 17 shots - (0.941), L, 0-1-0, 30:39 minutes
Jonathan Bernier (LAK), 27 saves from 31 shots - (0.871), W, 1-0-0, 60:00 minutes

Players Stats for Avalanche

Player Name              G  A  P  +/- PIM S  H  SB GA TA FO     MP     PP MP  PK MP  
------------------------------------------------------------------------------------
Alexander Radulov        0  1  1  -1  0   3  1  0  0  1  0/0    16:11   1:25   0:00 
Andrei Kostitsyn         0  0  0  -1  0   4  0  0  1  0  0/1    19:11   1:34   2:21 
Andrew Ladd              0  1  1  -1  0   1  0  2  0  0  9/14   17:25   0:51   7:25 
Brandon Yip              1  0  1  -1  0   1  2  0  0  0  1/3    11:15   0:29   1:59 
Bryan Little             1  0  1   0  4   3  2  0  1  0  11/19  15:36   2:57   0:00 
Chuck Kobasew            0  0  0   0  4   0  0  0  0  0  1/1    10:28   0:00   4:45 
Corey Perry              1  1  2   0  0   3  1  0  1  0  1/5    16:22   2:54   0:00 
Dan Boyle                0  0  0   0  2   3  1  0  0  0  0/0    15:07   1:31   0:52 
Greg Campbell            0  1  1  -1  0   0  2  1  0  0  2/6    13:40   0:00   4:32 
Jack Johnson             0  0  0  -1  0   1  0  2  0  2  0/0    25:40   3:47   4:14 
Jay Bouwmeester          1  1  2   1  0   2  1  0  0  1  0/0    15:55   3:45   0:00 
Johnny Boychuk           0  0  0  -1  4   0  1  2  0  0  0/0    16:55   0:00   3:15 
Kyle Turris              0  0  0   0  0   0  1  0  0  0  0/2     7:48   0:35   1:38 
Marc Staal               0  0  0  -1  0   1  1  0  2  3  0/0    24:49   0:27   7:20 
Mikkel Boedker           0  2  2   0  0   4  1  0  2  0  0/0    16:21   2:59   0:00 
Paul Stastny             0  0  0  -1  2   3  1  0  0  1  9/21   16:27   1:34   0:00 
Pernell Karl Subban      0  0  0  -2  0   2  0  0  0  2  0/0    21:44   1:04   7:27 
Zach Boychuk             0  0  0   0  0   0  1  0  0  0  0/0     6:27   0:28   0:28 

Players Stats for Kings

Player Name              G  A  P  +/- PIM S  H  SB GA TA FO     MP     PP MP  PK MP  
------------------------------------------------------------------------------------
Anze Kopitar             2  1  3   2  0   4  3  0  1  0  20/37  21:05   7:12   1:22 
Cal Clutterbuck          0  0  0   0  0   0  1  1  0  0  1/1     8:58   0:00   1:32 
Drew Doughty             0  1  1   1  0   1  1  1  1  1  0/0    25:22   6:42   1:55 
Guillaume Latendresse    0  1  1   0  2   4  1  0  1  0  1/4    18:07   4:21   2:11 
Jean-Gabriel Pageau      0  0  0   0  0   1  0  0  0  0  1/3    13:08   4:52   0:50 
Johnny Gaudreau          1  3  4   2  2   7  0  0  2  0  1/1    19:16   7:04   0:44 
Jon Merrill              0  1  1   2  0   0  0  5  0  0  0/0    19:57   0:00   3:21 
Karl Alzner              0  0  0   1  0   1  0  3  0  0  0/0    19:35   4:52   3:03 
Nikita Kucherov          0  0  0   0  0   3  3  0  0  1  0/0    15:31   4:22   0:00 
Nino Niederreiter        0  1  1   0  4   1  1  1  0  0  0/1    12:15   0:08   0:00 
Patric Hornqvist         1  2  3   2  0   4  3  0  2  0  0/0    19:31   7:04   0:01 
Paul Martin              0  0  0   0  0   0  2  2  0  2  0/0    22:35   6:42   0:24 
Pierre-Marc Bouchard     1  0  1   0  0   2  1  0  0  0  13/22  15:57   4:22   0:00 
Radko Gudas              0  0  0   0  0   0  2  1  0  0  0/0    11:29   0:00   1:21 
Ramzi Abid               0  0  0   0  0   0  0  0  1  0  0/0     8:58   0:00   1:32 
Scott Hartnell           0  0  0   0  0   3  2  0  1  1  0/0    14:11   0:08   2:20 
Trevor Daley             0  0  0   0  2   0  0  1  1  2  0/0    16:09   0:00   0:28 
Valtteri Filppula        0  0  0   0  0   2  0  0  0  0  1/3    11:38   0:00   0:00 

3 Stars

1 - Anze Kopitar (LAK)
2 - Patric Hornqvist (LAK)
3 - Johnny Gaudreau (LAK)

Power Play

Avalanche - 3 on 5 Attempt(s) - 60.00%
Kings - 2 on 8 Attempt(s) - 25.00%

Penalty Kill

Avalanche - 6 on 8 Attempt(s) - 75.00% - Score 0 goal in Penalty Kill
Kings - 2 on 5 Attempt(s) - 40.00% - Score 0 goal in Penalty Kill

Team Stat

Avalanche - Hits : 16 - Faceoff Wins : 34 - Blocked Shots : 7 - Penalty Minutes : 16
Kings - Hits : 20 - Faceoff Wins : 38 - Blocked Shots : 15 - Penalty Minutes : 10

Official

Referees : Unknown
Linesman : Unknown

Game Notes

9:21 of 2nd period - Kings goal is going for a video replay. After video review, Goal.
Roberto Luongo enters game at 9:21 of 2nd period

Finance

Level 1 -- Attendance: 5957 (99.28%) -- Ticket Income $536,130
Level 2 -- Attendance: 4090 (81.80%) -- Ticket Income $265,850
Level 3 -- Attendance: 1688 (84.40%) -- Ticket Income $67,520
Level 4 -- Attendance: 3260 (81.50%) -- Ticket Income $97,800
Luxury Box -- Attendance: 1000 (100.00%) -- Ticket Income $145,000
Game was played at the Staples Center.
Total Attendance: 15995 (88.86%)
Total Ticket Income: $1,112,300
Other Income: $166,845
Total Income: $1,279,145

Avalanche

5 vs 5 Forward 
   Center                   Left Wing                Right Wing               Time % Phy DF OF 
 1 Bryan Little             Mikkel Boedker           Corey Perry              35     1   2  2  
 2 Paul Stastny             Andrei Kostitsyn         Alexander Radulov        35     1   2  2  
 3 Greg Campbell            Andrew Ladd              Brandon Yip              20     1   2  2  
 4 Kyle Turris              Zach Boychuk             Chuck Kobasew            10     1   2  2  

5 vs 5 Defense 
   Defense                  Defense                                           Time % Phy DF OF 
 1 Marc Staal               Jack Johnson                                      40     1   2  2  
 2 Pernell Karl Subban      Johnny Boychuk                                    30     1   2  2  
 3 Jay Bouwmeester          Dan Boyle                                         30     1   2  2  
 4 Marc Staal               Jack Johnson                                      0      1   2  2  

PowerPlay Forward 
   Center                   Left Wing                Right Wing               Time % Phy DF OF 
 1 Bryan Little             Mikkel Boedker           Corey Perry              60     1   2  2  
 2 Paul Stastny             Andrei Kostitsyn         Alexander Radulov        40     1   2  2  

PowerPlay Defense
   Defense                  Defense                                           Time % Phy DF OF 
 1 Jay Bouwmeester          Jack Johnson                                      60     1   2  2  
 2 Pernell Karl Subban      Dan Boyle                                         40     1   2  2  

Penalty Kill 4 Players Forward 
   Center                   Wing                     Time % Phy DF OF 
 1 Andrew Ladd              Chuck Kobasew            60     1   2  2  
 2 Greg Campbell            Brandon Yip              40     1   2  2  

Penalty Kill 4 Players Defense
   Defense                  Defense                  Time % Phy DF OF 
 1 Marc Staal               Pernell Karl Subban      60     1   2  2  
 2 Jack Johnson             Johnny Boychuk           40     1   2  2  

Penalty Kill - 3 Players Forward 
   Forward                                           Time % Phy DF OF 
 1 Corey Perry                                       60     1   2  2  
 2 Mikkel Boedker                                    40     1   2  2  

Penalty Kill - 3 Players Defense
   Defense                  Defense                  Time % Phy DF OF 
 1 Marc Staal               Jack Johnson             60     1   2  2  
 2 Pernell Karl Subban      Johnny Boychuk           40     1   2  2  

4 vs 4 Forward 
   Center                   Wing                     Time % Phy DF OF 
 1 Corey Perry              Mikkel Boedker           60     1   2  2  
 2 Bryan Little             Andrei Kostitsyn         40     1   2  2  

4 vs 4 Defense
   Defense                  Defense                  Time % Phy DF OF 
 1 Marc Staal               Jack Johnson             60     1   2  2  
 2 Pernell Karl Subban      Johnny Boychuk           40     1   2  2  

Last Minutes Offensive
   Center                   Left Wing                Right Wing               Defense                  Defense                  
   Bryan Little             Mikkel Boedker           Corey Perry              Marc Staal               Jack Johnson             

Last Minutes Defensive
   Center                   Left Wing                Right Wing               Defense                  Defense                  
   Bryan Little             Andrew Ladd              Chuck Kobasew            Marc Staal               Jack Johnson             

Goaltenders
Starting : Semyon Varlamov          
Backup : Roberto Luongo           

Extra Forwards
Normal : Andrew Ladd, Alexander Radulov, Greg Campbell - PP : Andrew Ladd, Alexander Radulov - PK : Greg Campbell
Extra Defensemen
Normal : Jay Bouwmeester, Dan Boyle, Pernell Karl Subban - PP : Jay Bouwmeester - PK : Dan Boyle, Pernell Karl Subban
Penalty Shots
Mikkel Boedker, Corey Perry, Kyle Turris, Bryan Little, Andrei Kostitsyn

Scratches
None

Kings

5 vs 5 Forward 
   Center                   Left Wing                Right Wing               Time % Phy DF OF 
 1 Anze Kopitar             Johnny Gaudreau          Patric Hornqvist         30     1   2  2  
 2 Pierre-Marc Bouchard     Guillaume Latendresse    Nino Niederreiter        30     1   2  2  
 3 Valtteri Filppula        Scott Hartnell           Nikita Kucherov          25     1   2  2  
 4 Jean-Gabriel Pageau      Ramzi Abid               Cal Clutterbuck          15     1   2  2  

5 vs 5 Defense 
   Defense                  Defense                                           Time % Phy DF OF 
 1 Drew Doughty             Jon Merrill                                       40     1   2  2  
 2 Paul Martin              Trevor Daley                                      35     1   2  2  
 3 Karl Alzner              Radko Gudas                                       25     1   2  2  
 4 Drew Doughty             Paul Martin                                       0      1   2  2  

PowerPlay Forward 
   Center                   Left Wing                Right Wing               Time % Phy DF OF 
 1 Anze Kopitar             Johnny Gaudreau          Patric Hornqvist         60     0   1  4  
 2 Pierre-Marc Bouchard     Guillaume Latendresse    Nikita Kucherov          40     0   1  4  

PowerPlay Defense
   Defense                  Defense                                           Time % Phy DF OF 
 1 Drew Doughty             Paul Martin                                       60     0   3  2  
 2 Jean-Gabriel Pageau      Karl Alzner                                       40     0   3  2  

Penalty Kill 4 Players Forward 
   Center                   Wing                     Time % Phy DF OF 
 1 Guillaume Latendresse    Scott Hartnell           60     1   3  1  
 2 Cal Clutterbuck          Ramzi Abid               40     1   3  1  

Penalty Kill 4 Players Defense
   Defense                  Defense                  Time % Phy DF OF 
 1 Jon Merrill              Karl Alzner              60     1   4  0  
 2 Radko Gudas              Drew Doughty             40     1   4  0  

Penalty Kill - 3 Players Forward 
   Forward                                           Time % Phy DF OF 
 1 Anze Kopitar                                      60     1   3  1  
 2 Guillaume Latendresse                             40     1   3  1  

Penalty Kill - 3 Players Defense
   Defense                  Defense                  Time % Phy DF OF 
 1 Drew Doughty             Jon Merrill              60     1   4  0  
 2 Radko Gudas              Karl Alzner              40     1   4  0  

4 vs 4 Forward 
   Center                   Wing                     Time % Phy DF OF 
 1 Anze Kopitar             Patric Hornqvist         60     1   2  2  
 2 Pierre-Marc Bouchard     Guillaume Latendresse    40     1   2  2  

4 vs 4 Defense
   Defense                  Defense                  Time % Phy DF OF 
 1 Drew Doughty             Karl Alzner              60     1   2  2  
 2 Trevor Daley             Paul Martin              40     1   2  2  

Last Minutes Offensive
   Center                   Left Wing                Right Wing               Defense                  Defense                  
   Anze Kopitar             Guillaume Latendresse    Patric Hornqvist         Drew Doughty             Paul Martin              

Last Minutes Defensive
   Center                   Left Wing                Right Wing               Defense                  Defense                  
   Anze Kopitar             Guillaume Latendresse    Nino Niederreiter        Drew Doughty             Jon Merrill              

Goaltenders
Starting : Jonathan Bernier         
Backup : Pascal Leclaire          

Extra Forwards
Normal : Anze Kopitar, Guillaume Latendresse, Scott Hartnell - PP : Scott Hartnell, Nino Niederreiter - PK : Anze Kopitar
Extra Defensemen
Normal : Drew Doughty, Paul Martin, Karl Alzner - PP : Trevor Daley - PK : Trevor Daley, Paul Martin
Penalty Shots
Anze Kopitar, Guillaume Latendresse, Patric Hornqvist, Nikita Kucherov, Drew Doughty

Scratches
Kurt Sauer (Healthy), Staffan Kronwall (Healthy)

% Time on Ice - Avalanche

Lines # - Real PCT - Wanted PCT - Time Play
Normal Forward
1 - 31% - 35% - 13:05
2 - 35% - 35% - 14:46
3 - 21% - 20% - 8:47
4 - 13% - 10% - 5:31
Normal Defense
1 - 38% - 40% - 15:55
2 - 33% - 30% - 14:04
3 - 29% - 30% - 12:10
4 - 0% - 0% - 0:00
PP Forward
1 - 64% - 60% - 3:22
2 - 36% - 40% - 1:54
PP Defense
1 - 72% - 60% - 3:47
2 - 28% - 40% - 1:29
PK Forward
1 - 83% - 60% - 9:35
2 - 17% - 40% - 1:59
PK Defense
1 - 63% - 60% - 7:20
2 - 37% - 40% - 4:14
PK3 Forward
1 - 0% - 60%
2 - 0% - 40%
PK3 Defense
1 - 0% - 60%
2 - 0% - 40%
44 Forward
1 - 100% - 60% - 0:57
2 - 0% - 40% - 0:00
44 Defense
1 - 100% - 60% - 0:57
2 - 0% - 40% - 0:00
Last Minute Offensive  - 0:04
Last Minute Defensive  - 0:00
Total
Forward - 60:00
Defense - 60:00

% Time on Ice - Kings

Lines # - Real PCT - Wanted PCT - Time Play
Normal Forward
1 - 27% - 30% - 11:34
2 - 27% - 30% - 11:35
3 - 28% - 25% - 11:38
4 - 18% - 15% - 7:26
Normal Defense
1 - 41% - 40% - 17:25
2 - 35% - 35% - 14:40
3 - 24% - 25% - 10:08
4 - 0% - 0% - 0:00
PP Forward
1 - 62% - 60% - 7:12
2 - 38% - 40% - 4:22
PP Defense
1 - 58% - 60% - 6:42
2 - 42% - 40% - 4:52
PK Forward
1 - 71% - 60% - 3:44
2 - 29% - 40% - 1:32
PK Defense
1 - 67% - 60% - 3:31
2 - 33% - 40% - 1:45
PK3 Forward
1 - 0% - 60%
2 - 0% - 40%
PK3 Defense
1 - 0% - 60%
2 - 0% - 40%
44 Forward
1 - 100% - 60% - 0:57
2 - 0% - 40% - 0:00
44 Defense
1 - 100% - 60% - 0:57
2 - 0% - 40% - 0:00
Last Minute Offensive  - 0:00
Last Minute Defensive  - 0:00
Total
Forward - 60:00
Defense - 60:00

Play by Play

1st period


0:01 of 1st period - Anze Kopitar wins face-off versus Bryan Little in neutral zone.
0:19 of 1st period - Minor Penalty to Johnny Gaudreau for Interference.
0:20 of 1st period - Guillaume Latendresse wins face-off versus Bryan Little in Kings zone.
0:36 of 1st period - Snap shot by Bryan Little.
0:36 of 1st period - Stopped by Jonathan Bernier with a rebound.
2:11 of 1st period - Ramzi Abid is hit by Bryan Little and loses puck.
2:19 of 1st period - Penalty to Johnny Gaudreau is over, Johnny Gaudreau is back on ice.
2:26 of 1st period - Wrist shot by Patric Hornqvist.
2:26 of 1st period - Goal by Patric Hornqvist - Avalanche : 0 - Kings : 1.
2:27 of 1st period - Brandon Yip wins face-off versus Pierre-Marc Bouchard in neutral zone.
3:16 of 1st period - Snap shot by Corey Perry.
3:16 of 1st period - Stopped by Jonathan Bernier with a rebound.
3:18 of 1st period - Wrist shot by Bryan Little.
3:18 of 1st period - Shot Misses the Net.
3:20 of 1st period - Snap shot by Mikkel Boedker.
3:20 of 1st period - Shot Misses the Net.
3:54 of 1st period - Snap shot by Paul Stastny.
3:54 of 1st period - Shot Misses the Net.
3:56 of 1st period - Snap shot by Alexander Radulov.
3:56 of 1st period - Stopped by Jonathan Bernier with a rebound.
3:58 of 1st period - Snap shot by Pernell Karl Subban.
3:58 of 1st period - Stopped by Jonathan Bernier without a rebound.
3:59 of 1st period - Paul Stastny wins face-off versus Pierre-Marc Bouchard in Kings zone.
4:00 of 1st period - Slapshot by Alexander Radulov.
4:00 of 1st period - Shot Blocked by Nino Niederreiter.
4:20 of 1st period - Minor Penalty to Paul Stastny for High sticking.
4:21 of 1st period - Johnny Gaudreau wins face-off versus Andrew Ladd in Avalanche zone.
4:30 of 1st period - Wrist shot by Johnny Gaudreau.
4:30 of 1st period - Stopped by Semyon Varlamov without a rebound.
4:31 of 1st period - Andrew Ladd wins face-off versus Anze Kopitar in Avalanche zone.
5:49 of 1st period - Wrist shot by Andrei Kostitsyn.
5:49 of 1st period - Shot Blocked by Paul Martin.
6:20 of 1st period - Penalty to Paul Stastny is over, Paul Stastny is back on ice.
6:39 of 1st period - Wrist shot by Mikkel Boedker.
6:39 of 1st period - Shot Blocked by Cal Clutterbuck.
6:53 of 1st period - Backhand shot by Nikita Kucherov.
6:53 of 1st period - Shot Misses the Net.
7:05 of 1st period - Radko Gudas is hit by Kyle Turris and loses puck.
7:24 of 1st period - Karl Alzner is hit by Paul Stastny.
7:38 of 1st period - Trevor Daley is hit by Corey Perry and loses puck.
8:01 of 1st period - Wrist shot by Valtteri Filppula.
8:01 of 1st period - Stopped by Semyon Varlamov with a rebound.
8:16 of 1st period - Icing by Jon Merrill.
8:17 of 1st period - Anze Kopitar wins face-off versus Kyle Turris in Kings zone.
9:04 of 1st period - Slapshot by Mikkel Boedker.
9:04 of 1st period - Stopped by Jonathan Bernier without a rebound.
9:05 of 1st period - Bryan Little wins face-off versus Valtteri Filppula in Kings zone.
9:22 of 1st period - Slapshot by Bryan Little.
9:22 of 1st period - Stopped by Jonathan Bernier without a rebound.
9:23 of 1st period - Pierre-Marc Bouchard wins face-off versus Paul Stastny in Kings zone.
9:32 of 1st period - Slapshot by Andrei Kostitsyn.
9:32 of 1st period - Shot Misses the Net.
10:13 of 1st period - Bryan Little is hit by Nikita Kucherov and loses puck.
10:22 of 1st period - Snap shot by Nikita Kucherov.
10:22 of 1st period - Stopped by Semyon Varlamov without a rebound.
10:23 of 1st period - Pierre-Marc Bouchard wins face-off versus Paul Stastny in Avalanche zone.
10:50 of 1st period - Patric Hornqvist is hit by Brandon Yip and loses puck.
10:55 of 1st period - Snap shot by Brandon Yip.
10:55 of 1st period - Shot Misses the Net.
10:57 of 1st period - Slapshot by Dan Boyle.
10:57 of 1st period - Stopped by Jonathan Bernier with a rebound.
10:59 of 1st period - Slapshot by Greg Campbell.
10:59 of 1st period - Shot Misses the Net.
11:01 of 1st period - Snap shot by Brandon Yip.
11:01 of 1st period - Shot Blocked by Jon Merrill.
12:16 of 1st period - Brandon Yip is hit by Paul Martin and loses puck.
12:44 of 1st period - Wrist shot by Scott Hartnell.
12:44 of 1st period - Shot Misses the Net.
12:46 of 1st period - Minor Penalty to Johnny Boychuk for Hooking.
12:47 of 1st period - Andrew Ladd wins face-off versus Anze Kopitar in Avalanche zone.
13:04 of 1st period - Wrist shot by Anze Kopitar.
13:04 of 1st period - Goal by Anze Kopitar - Avalanche : 0 - Kings : 2.
13:05 of 1st period - Paul Stastny wins face-off versus Anze Kopitar in neutral zone.
13:07 of 1st period - Off-side.
13:08 of 1st period - Anze Kopitar wins face-off versus Paul Stastny in neutral zone.
15:17 of 1st period - Snap shot by Alexander Radulov.
15:17 of 1st period - Shot Blocked by Jon Merrill.
15:19 of 1st period - Snap shot by Alexander Radulov.
15:19 of 1st period - Stopped by Jonathan Bernier without a rebound.
15:20 of 1st period - Bryan Little wins face-off versus Pierre-Marc Bouchard in Kings zone.
15:47 of 1st period - Andrew Ladd is hit by Anze Kopitar and loses puck.
16:16 of 1st period - Slapshot by Nikita Kucherov.
16:16 of 1st period - Stopped by Semyon Varlamov with a rebound.
16:44 of 1st period - Greg Campbell is hit by Radko Gudas.
17:07 of 1st period - Mikkel Boedker is hit by Scott Hartnell and loses puck.
17:27 of 1st period - Drew Doughty is hit by Brandon Yip and loses puck.
17:43 of 1st period - Johnny Gaudreau is hit by Jay Bouwmeester and loses puck.
18:45 of 1st period - Snap shot by Guillaume Latendresse.
18:45 of 1st period - Shot Misses the Net.
19:27 of 1st period - Jack Johnson is hit by Paul Martin.
19:59 of 1st period - Andrew Ladd is hit by Patric Hornqvist and loses puck.
Goals for this period are 0 for Avalanche vs 2 for Kings.
Shots for this period are 8 for Avalanche vs 6 for Kings.

2nd period


0:01 of 2nd period - Pierre-Marc Bouchard wins face-off versus Bryan Little in neutral zone.
0:16 of 2nd period - Wrist shot by Guillaume Latendresse.
0:16 of 2nd period - Stopped by Semyon Varlamov without a rebound.
0:17 of 2nd period - Anze Kopitar wins face-off versus Paul Stastny in Avalanche zone.
0:18 of 2nd period - Snap shot by Patric Hornqvist.
0:18 of 2nd period - Shot Blocked by Johnny Boychuk.
0:22 of 2nd period - Snap shot by Johnny Gaudreau.
0:22 of 2nd period - Stopped by Semyon Varlamov with a rebound.
0:28 of 2nd period - Wrist shot by Johnny Gaudreau.
0:28 of 2nd period - Shot Misses the Net.
0:30 of 2nd period - Slapshot by Anze Kopitar.
0:30 of 2nd period - Goal by Anze Kopitar - Avalanche : 0 - Kings : 3.
0:31 of 2nd period - Bryan Little wins face-off versus Anze Kopitar in neutral zone.
1:00 of 2nd period - Snap shot by Paul Stastny.
1:00 of 2nd period - Stopped by Jonathan Bernier without a rebound.
1:01 of 2nd period - Paul Stastny wins face-off versus Pierre-Marc Bouchard in Kings zone.
1:02 of 2nd period - Slapshot by Andrei Kostitsyn.
1:02 of 2nd period - Shot Blocked by Trevor Daley.
1:45 of 2nd period - Minor Penalty to Johnny Boychuk for Close Hand On Puck.
1:46 of 2nd period - Andrew Ladd wins face-off versus Anze Kopitar in Avalanche zone.
2:01 of 2nd period - Slapshot by Pernell Karl Subban.
2:01 of 2nd period - Deflect By Drew Doughty.
2:01 of 2nd period - Stopped by Jonathan Bernier with a rebound.
2:19 of 2nd period - Brandon Yip is hit by Drew Doughty and loses puck.
3:45 of 2nd period - Penalty to Johnny Boychuk is over, Johnny Boychuk is back on ice.
4:03 of 2nd period - Wrist shot by Nino Niederreiter.
4:03 of 2nd period - Stopped by Semyon Varlamov without a rebound.
4:04 of 2nd period - Bryan Little wins face-off versus Valtteri Filppula in Avalanche zone.
4:16 of 2nd period - Jay Bouwmeester is hit by Scott Hartnell.
4:23 of 2nd period - Minor Penalty to Nino Niederreiter for High sticking.
4:24 of 2nd period - Bryan Little wins face-off versus Guillaume Latendresse in Kings zone.
4:32 of 2nd period - Snap shot by Corey Perry.
4:32 of 2nd period - Shot Misses the Net.
4:34 of 2nd period - Slapshot by Bryan Little.
4:34 of 2nd period - Goal by Bryan Little - Avalanche : 1 - Kings : 3.
4:35 of 2nd period - Pierre-Marc Bouchard wins face-off versus Andrei Kostitsyn in neutral zone.
4:38 of 2nd period - Jack Johnson is hit by Pierre-Marc Bouchard and loses puck.
5:23 of 2nd period - Snap shot by Guillaume Latendresse.
5:23 of 2nd period - Stopped by Semyon Varlamov without a rebound.
5:24 of 2nd period - Anze Kopitar wins face-off versus Bryan Little in Avalanche zone.
5:33 of 2nd period - Slapshot by Marc Staal.
5:33 of 2nd period - Stopped by Jonathan Bernier without a rebound.
5:34 of 2nd period - Anze Kopitar wins face-off versus Paul Stastny in Kings zone.
7:00 of 2nd period - Snap shot by Patric Hornqvist.
7:00 of 2nd period - Stopped by Semyon Varlamov without a rebound.
7:01 of 2nd period - Corey Perry wins face-off versus Nino Niederreiter in Avalanche zone.
7:40 of 2nd period - Wrist shot by Andrew Ladd.
7:40 of 2nd period - Shot Blocked by Radko Gudas.
8:48 of 2nd period - Scott Hartnell is hit by Johnny Boychuk and loses puck.
8:59 of 2nd period - Snap shot by Scott Hartnell.
8:59 of 2nd period - Stopped by Semyon Varlamov with a rebound.
9:01 of 2nd period - Wrist shot by Nikita Kucherov.
9:01 of 2nd period - Stopped by Semyon Varlamov with a rebound.
9:03 of 2nd period - Wrist shot by Valtteri Filppula.
9:03 of 2nd period - Shot Misses the Net.
9:13 of 2nd period - Snap shot by Valtteri Filppula.
9:13 of 2nd period - Stopped by Semyon Varlamov without a rebound.
9:14 of 2nd period - Pierre-Marc Bouchard wins face-off versus Brandon Yip in Avalanche zone.
9:19 of 2nd period - Wrist shot by Guillaume Latendresse.
9:19 of 2nd period - Shot Blocked by Andrew Ladd.
9:21 of 2nd period - Wrist shot by Pierre-Marc Bouchard.
9:21 of 2nd period - Kings goal is going for a video replay.
9:21 of 2nd period - The goal is good.
9:21 of 2nd period - Goal by Pierre-Marc Bouchard - Avalanche : 1 - Kings : 4.
9:21 of 2nd period - Roberto Luongo enters game.
9:22 of 2nd period - Pierre-Marc Bouchard wins face-off versus Paul Stastny in neutral zone.
9:29 of 2nd period - Wrist shot by Guillaume Latendresse.
9:29 of 2nd period - Shot Misses the Net.
9:47 of 2nd period - Jack Johnson is hit by Anze Kopitar and loses puck.
10:52 of 2nd period - Snap shot by Guillaume Latendresse.
10:52 of 2nd period - Stopped by Roberto Luongo without a rebound.
10:53 of 2nd period - Paul Stastny wins face-off versus Pierre-Marc Bouchard in Avalanche zone.
11:00 of 2nd period - Snap shot by Paul Stastny.
11:00 of 2nd period - Deflect By Alexander Radulov.
11:00 of 2nd period - Shot Misses the Net.
11:00 of 2nd period - Puck is out of play.
11:01 of 2nd period - Bryan Little wins face-off versus Pierre-Marc Bouchard in Kings zone.
11:19 of 2nd period - Minor Penalty to Bryan Little for Tripping.
11:20 of 2nd period - Anze Kopitar wins face-off versus Andrew Ladd in Avalanche zone.
11:28 of 2nd period - Snap shot by Anze Kopitar.
11:28 of 2nd period - Stopped by Roberto Luongo without a rebound.
11:29 of 2nd period - Chuck Kobasew wins face-off versus Anze Kopitar in Avalanche zone.
11:38 of 2nd period - Snap shot by Johnny Gaudreau.
11:38 of 2nd period - Goal by Johnny Gaudreau - Avalanche : 1 - Kings : 5.
11:39 of 2nd period - Anze Kopitar wins face-off versus Paul Stastny in neutral zone.
11:42 of 2nd period - Wrist shot by Patric Hornqvist.
11:42 of 2nd period - Stopped by Roberto Luongo without a rebound.
11:43 of 2nd period - Anze Kopitar wins face-off versus Paul Stastny in Avalanche zone.
11:56 of 2nd period - Snap shot by Andrei Kostitsyn.
11:56 of 2nd period - Stopped by Jonathan Bernier with a rebound.
11:58 of 2nd period - Minor Penalty to Trevor Daley for Interference.
11:59 of 2nd period - Bryan Little wins face-off versus Guillaume Latendresse in Kings zone.
12:10 of 2nd period - Snap shot by Corey Perry.
12:10 of 2nd period - Shot Blocked by Jon Merrill.
12:12 of 2nd period - Slapshot by Jay Bouwmeester.
12:12 of 2nd period - Shot Blocked by Karl Alzner.
12:14 of 2nd period - Wrist shot by Corey Perry.
12:14 of 2nd period - Goal by Corey Perry - Avalanche : 2 - Kings : 5.
12:15 of 2nd period - Bryan Little wins face-off versus Guillaume Latendresse in neutral zone.
12:40 of 2nd period - Paul Stastny is hit by Anze Kopitar and loses puck.
12:53 of 2nd period - Jay Bouwmeester is hit by Patric Hornqvist and loses puck.
13:52 of 2nd period - Wrist shot by Corey Perry.
13:52 of 2nd period - Stopped by Jonathan Bernier without a rebound.
13:53 of 2nd period - Bryan Little wins face-off versus Anze Kopitar in Kings zone.
13:59 of 2nd period - Minor Penalty to Bryan Little for High sticking.
14:00 of 2nd period - Andrew Ladd wins face-off versus Anze Kopitar in Avalanche zone.
14:33 of 2nd period - Off-side.
14:34 of 2nd period - Pierre-Marc Bouchard wins face-off versus Greg Campbell in neutral zone.
14:46 of 2nd period - Slapshot by Jean-Gabriel Pageau.
14:46 of 2nd period - Stopped by Roberto Luongo without a rebound.
14:47 of 2nd period - Andrew Ladd wins face-off versus Anze Kopitar in Avalanche zone.
15:33 of 2nd period - Patric Hornqvist is hit by Greg Campbell and loses puck.
15:59 of 2nd period - Penalty to Bryan Little is over, Bryan Little is back on ice.
16:51 of 2nd period - Icing by Trevor Daley.
16:52 of 2nd period - Greg Campbell wins face-off versus Pierre-Marc Bouchard in Kings zone.
16:59 of 2nd period - Snap shot by Andrew Ladd.
16:59 of 2nd period - Shot Misses the Net.
17:01 of 2nd period - Wrist shot by Andrew Ladd.
17:01 of 2nd period - Shot Misses the Net.
17:03 of 2nd period - Snap shot by Greg Campbell.
17:03 of 2nd period - Shot Misses the Net.
17:05 of 2nd period - Slapshot by Brandon Yip.
17:05 of 2nd period - Goal by Brandon Yip - Avalanche : 3 - Kings : 5.
17:06 of 2nd period - Anze Kopitar wins face-off versus Paul Stastny in neutral zone.
17:54 of 2nd period - Wrist shot by Ramzi Abid.
17:54 of 2nd period - Shot Blocked by Johnny Boychuk.
18:33 of 2nd period - Minor Penalty to Chuck Kobasew for Hooking.
18:34 of 2nd period - Anze Kopitar wins face-off versus Andrew Ladd in Avalanche zone.
18:34 of 2nd period - Slapshot by Johnny Gaudreau.
18:34 of 2nd period - Deflect By Marc Staal.
18:34 of 2nd period - Shot Misses the Net.
18:34 of 2nd period - Puck is out of play.
18:35 of 2nd period - Anze Kopitar wins face-off versus Greg Campbell in Avalanche zone.
18:46 of 2nd period - Snap shot by Andrew Ladd.
18:46 of 2nd period - Stopped by Jonathan Bernier without a rebound.
18:47 of 2nd period - Andrew Ladd wins face-off versus Anze Kopitar in Kings zone.
18:48 of 2nd period - Slapshot by Marc Staal.
18:48 of 2nd period - Shot Blocked by Paul Martin.
Goals for this period are 3 for Avalanche vs 3 for Kings.
Shots for this period are 9 for Avalanche vs 15 for Kings.

3rd period


0:01 of 3rd period - Andrew Ladd wins face-off versus Anze Kopitar in neutral zone.
0:13 of 3rd period - Icing by Paul Martin.
0:14 of 3rd period - Andrew Ladd wins face-off versus Anze Kopitar in Kings zone.
0:33 of 3rd period - Penalty to Chuck Kobasew is over, Chuck Kobasew is back on ice.
0:35 of 3rd period - Wrist shot by Johnny Gaudreau.
0:35 of 3rd period - Deflect By Marc Staal.
0:35 of 3rd period - Shot Misses the Net.
0:35 of 3rd period - Puck is out of play.
0:36 of 3rd period - Paul Stastny wins face-off versus Pierre-Marc Bouchard in Avalanche zone.
1:09 of 3rd period - Slapshot by Dan Boyle.
1:09 of 3rd period - Stopped by Jonathan Bernier with a rebound.
1:11 of 3rd period - Snap shot by Mikkel Boedker.
1:11 of 3rd period - Shot Misses the Net.
1:13 of 3rd period - Snap shot by Mikkel Boedker.
1:13 of 3rd period - Stopped by Jonathan Bernier with a rebound.
1:25 of 3rd period - Brandon Yip is hit by Patric Hornqvist and loses puck.
1:46 of 3rd period - Snap shot by Alexander Radulov.
1:46 of 3rd period - Shot Misses the Net.
1:48 of 3rd period - Snap shot by Alexander Radulov.
1:48 of 3rd period - Deflect By Andrei Kostitsyn.
1:48 of 3rd period - Shot Misses the Net.
1:48 of 3rd period - Puck is out of play.
1:49 of 3rd period - Pierre-Marc Bouchard wins face-off versus Paul Stastny in Kings zone.
2:02 of 3rd period - Wrist shot by Johnny Boychuk.
2:02 of 3rd period - Shot Misses the Net.
2:24 of 3rd period - Wrist shot by Mikkel Boedker.
2:24 of 3rd period - Stopped by Jonathan Bernier with a rebound.
2:26 of 3rd period - Snap shot by Bryan Little.
2:26 of 3rd period - Shot Misses the Net.
2:28 of 3rd period - Snap shot by Corey Perry.
2:28 of 3rd period - Shot Blocked by Drew Doughty.
2:30 of 3rd period - Wrist shot by Corey Perry.
2:30 of 3rd period - Shot Blocked by Jon Merrill.
2:42 of 3rd period - Snap shot by Scott Hartnell.
2:42 of 3rd period - Stopped by Roberto Luongo with a rebound.
2:44 of 3rd period - Slapshot by Patric Hornqvist.
2:44 of 3rd period - Shot Blocked by Jack Johnson.
3:10 of 3rd period - Snap shot by Zach Boychuk.
3:10 of 3rd period - Shot Misses the Net.
3:12 of 3rd period - Snap shot by Zach Boychuk.
3:12 of 3rd period - Shot Misses the Net.
3:14 of 3rd period - Slapshot by Jack Johnson.
3:14 of 3rd period - Stopped by Jonathan Bernier without a rebound.
3:15 of 3rd period - Pierre-Marc Bouchard wins face-off versus Bryan Little in Kings zone.
3:40 of 3rd period - Mikkel Boedker is hit by Nikita Kucherov and loses puck.
4:07 of 3rd period - Wrist shot by Jay Bouwmeester.
4:07 of 3rd period - Stopped by Jonathan Bernier with a rebound.
4:09 of 3rd period - Slapshot by Andrei Kostitsyn.
4:09 of 3rd period - Stopped by Jonathan Bernier without a rebound.
4:10 of 3rd period - Paul Stastny wins face-off versus Anze Kopitar in Kings zone.
4:13 of 3rd period - Backhand shot by Andrei Kostitsyn.
4:13 of 3rd period - Shot Misses the Net.
4:21 of 3rd period - Snap shot by Andrei Kostitsyn.
4:21 of 3rd period - Stopped by Jonathan Bernier without a rebound.
4:22 of 3rd period - Paul Stastny wins face-off versus Anze Kopitar in Kings zone.
4:54 of 3rd period - Snap shot by Guillaume Latendresse.
4:54 of 3rd period - Shot Blocked by Greg Campbell.
4:56 of 3rd period - Slapshot by Guillaume Latendresse.
4:56 of 3rd period - Stopped by Roberto Luongo with a rebound.
4:58 of 3rd period - Snap shot by Guillaume Latendresse.
4:58 of 3rd period - Shot Blocked by Andrew Ladd.
5:00 of 3rd period - Slapshot by Drew Doughty.
5:00 of 3rd period - Shot Misses the Net.
6:09 of 3rd period - Icing by Jay Bouwmeester.
6:10 of 3rd period - Greg Campbell wins face-off versus Jean-Gabriel Pageau in Avalanche zone.
6:42 of 3rd period - Wrist shot by Anze Kopitar.
6:42 of 3rd period - Shot Misses the Net.
6:44 of 3rd period - Wrist shot by Anze Kopitar.
6:44 of 3rd period - Deflect By Johnny Gaudreau.
6:44 of 3rd period - Shot Misses the Net.
6:44 of 3rd period - Puck is out of play.
6:45 of 3rd period - Pierre-Marc Bouchard wins face-off versus Bryan Little in Avalanche zone.
6:55 of 3rd period - Off-side.
6:56 of 3rd period - Anze Kopitar wins face-off versus Paul Stastny in neutral zone.
6:59 of 3rd period - Snap shot by Johnny Gaudreau.
6:59 of 3rd period - Shot Misses the Net.
7:01 of 3rd period - Snap shot by Johnny Gaudreau.
7:01 of 3rd period - Stopped by Roberto Luongo with a rebound.
7:03 of 3rd period - Wrist shot by Johnny Gaudreau.
7:03 of 3rd period - Stopped by Roberto Luongo without a rebound.
7:04 of 3rd period - Anze Kopitar wins face-off versus Paul Stastny in Avalanche zone.
7:05 of 3rd period - Snap shot by Johnny Gaudreau.
7:05 of 3rd period - Stopped by Roberto Luongo without a rebound.
7:06 of 3rd period - Paul Stastny wins face-off versus Anze Kopitar in Avalanche zone.
7:15 of 3rd period - Wrist shot by Paul Stastny.
7:15 of 3rd period - Stopped by Jonathan Bernier with a rebound.
7:37 of 3rd period - Wrist shot by Andrei Kostitsyn.
7:37 of 3rd period - Stopped by Jonathan Bernier without a rebound.
7:38 of 3rd period - Pierre-Marc Bouchard wins face-off versus Bryan Little in Kings zone.
7:38 of 3rd period - Pierre-Marc Bouchard is hit by Bryan Little.
7:48 of 3rd period - Mikkel Boedker is hit by Nino Niederreiter and loses puck.
8:42 of 3rd period - Radko Gudas is hit by Alexander Radulov and loses puck.
8:57 of 3rd period - Alexander Radulov is hit by Nikita Kucherov and loses puck.
9:34 of 3rd period - Wrist shot by Alexander Radulov.
9:34 of 3rd period - Stopped by Jonathan Bernier with a rebound.
9:42 of 3rd period - Pernell Karl Subban is hit by Radko Gudas and loses puck.
10:20 of 3rd period - Snap shot by Scott Hartnell.
10:20 of 3rd period - Deflect By Paul Stastny.
10:20 of 3rd period - Stopped by Roberto Luongo without a rebound.
10:21 of 3rd period - Bryan Little wins face-off versus Pierre-Marc Bouchard in Avalanche zone.
10:21 of 3rd period - Bryan Little is hit by Guillaume Latendresse.
10:38 of 3rd period - Wrist shot by Mikkel Boedker.
10:38 of 3rd period - Stopped by Jonathan Bernier with a rebound.
10:40 of 3rd period - Minor Penalty to Nino Niederreiter for Diving.
10:41 of 3rd period - Cal Clutterbuck wins face-off versus Bryan Little in Kings zone.
11:42 of 3rd period - Karl Alzner is hit by Mikkel Boedker and loses puck.
11:49 of 3rd period - Jack Johnson is hit by Cal Clutterbuck and loses puck.
12:02 of 3rd period - Drew Doughty is hit by Zach Boychuk and loses puck.
12:35 of 3rd period - Johnny Gaudreau is hit by Dan Boyle and loses puck.
12:40 of 3rd period - Penalty to Nino Niederreiter is over, Nino Niederreiter is back on ice.
12:52 of 3rd period - Karl Alzner is hit by Greg Campbell.
13:42 of 3rd period - Minor Penalty to Dan Boyle for Boarding.
13:43 of 3rd period - Anze Kopitar wins face-off versus Andrew Ladd in Avalanche zone.
13:50 of 3rd period - Wrist shot by Johnny Gaudreau.
13:50 of 3rd period - Stopped by Roberto Luongo without a rebound.
13:51 of 3rd period - Andrew Ladd wins face-off versus Anze Kopitar in Avalanche zone.
14:10 of 3rd period - Jean-Gabriel Pageau is hit by Marc Staal and loses puck.
14:20 of 3rd period - Off-side.
14:21 of 3rd period - Pierre-Marc Bouchard wins face-off versus Greg Campbell in neutral zone.
14:26 of 3rd period - Slapshot by Paul Martin.
14:26 of 3rd period - Shot Misses the Net.
14:38 of 3rd period - Snap shot by Nikita Kucherov.
14:38 of 3rd period - Shot Blocked by Jack Johnson.
14:44 of 3rd period - Minor Penalty to Guillaume Latendresse for Holding.
14:45 of 3rd period - Anze Kopitar wins face-off versus Corey Perry in Kings zone.
14:58 of 3rd period - Slapshot by Drew Doughty.
14:58 of 3rd period - Shot Misses the Net.
15:00 of 3rd period - Snap shot by Anze Kopitar.
15:00 of 3rd period - Stopped by Roberto Luongo with a rebound.
15:02 of 3rd period - Slapshot by Karl Alzner.
15:02 of 3rd period - Stopped by Roberto Luongo without a rebound.
15:03 of 3rd period - Anze Kopitar wins face-off versus Corey Perry in Avalanche zone.
15:04 of 3rd period - Wrist shot by Patric Hornqvist.
15:04 of 3rd period - Stopped by Roberto Luongo without a rebound.
15:05 of 3rd period - Anze Kopitar wins face-off versus Corey Perry in Avalanche zone.
15:15 of 3rd period - Off-side.
15:16 of 3rd period - Anze Kopitar wins face-off versus Corey Perry in neutral zone.
15:42 of 3rd period - Penalty to Dan Boyle is over, Dan Boyle is back on ice.
15:49 of 3rd period - Slapshot by Pernell Karl Subban.
15:49 of 3rd period - Shot Misses the Net.
15:51 of 3rd period - Snap shot by Paul Stastny.
15:51 of 3rd period - Stopped by Jonathan Bernier without a rebound.
15:52 of 3rd period - Paul Stastny wins face-off versus Jean-Gabriel Pageau in Kings zone.
15:53 of 3rd period - Snap shot by Andrei Kostitsyn.
15:53 of 3rd period - Shot Blocked by Karl Alzner.
15:55 of 3rd period - Wrist shot by Dan Boyle.
15:55 of 3rd period - Stopped by Jonathan Bernier without a rebound.
15:56 of 3rd period - Bryan Little wins face-off versus Anze Kopitar in Kings zone.
16:02 of 3rd period - Slapshot by Jack Johnson.
16:02 of 3rd period - Shot Blocked by Jon Merrill.
16:08 of 3rd period - Snap shot by Bryan Little.
16:08 of 3rd period - Shot Misses the Net.
16:10 of 3rd period - Snap shot by Corey Perry.
16:10 of 3rd period - Shot Misses the Net.
16:12 of 3rd period - Slapshot by Jack Johnson.
16:12 of 3rd period - Shot Blocked by Karl Alzner.
16:32 of 3rd period - Slapshot by Jay Bouwmeester.
16:32 of 3rd period - Goal by Jay Bouwmeester - Avalanche : 4 - Kings : 5.
16:33 of 3rd period - Jean-Gabriel Pageau wins face-off versus Greg Campbell in neutral zone.
17:19 of 3rd period - Icing by Jon Merrill.
17:20 of 3rd period - Pierre-Marc Bouchard wins face-off versus Kyle Turris in Kings zone.
17:29 of 3rd period - Snap shot by Pierre-Marc Bouchard.
17:29 of 3rd period - Stopped by Roberto Luongo without a rebound.
17:30 of 3rd period - Valtteri Filppula wins face-off versus Brandon Yip in Avalanche zone.
17:31 of 3rd period - Wrist shot by Scott Hartnell.
17:31 of 3rd period - Shot Misses the Net.
17:56 of 3rd period - Minor Penalty to Chuck Kobasew for Holding.
17:57 of 3rd period - Anze Kopitar wins face-off versus Andrew Ladd in Avalanche zone.
18:06 of 3rd period - Snap shot by Patric Hornqvist.
18:06 of 3rd period - Shot Misses the Net.
18:08 of 3rd period - Slapshot by Drew Doughty.
18:08 of 3rd period - Stopped by Roberto Luongo with a rebound.
19:56 of 3rd period - Penalty to Chuck Kobasew is over, Chuck Kobasew is back on ice.
Goals for this period are 1 for Avalanche vs 0 for Kings.
Shots for this period are 14 for Avalanche vs 12 for Kings.